 Dungeon Crawl Stone Soup version 0.26.1-2-gb8aa6d0cf2 (webtiles) character file.

Game seed: 8482434256244758220

409 Groucho the Covert (level 6, -1/28 HPs)
             Began as a Spriggan Enchanter on Mar 13, 2021.
             Slain by a rat (2 damage)
             ... summoned by Eustachio
             ... on level 5 of the Dungeon.
             The game lasted 00:08:17 (5023 turns).

Groucho the Covert (Spriggan Enchanter)             Turns: 5023, Time: 00:08:17

Health: -1/28      AC:  5    Str:  6      XL:     6   Next: 58%
Magic:  10/12      EV: 18    Int: 17      God:
Gold:   224        SH:  0    Dex: 15 (16) Spells: 3/12 levels left

rFire    . . .     SeeInvis +   a - +2 dagger
rCold    . . .     Faith    .   (shield restricted)
rNeg     . . .     Spirit   .   b - +0 robe
rPois    .         Reflect  .   (helmet restricted)
rElec    .         Harm     .   v - +2 cloak
rCorr    .         Rampage  .   (gloves unavailable)
Will     +....                  (boots unavailable)
Stlth    ++++......             (no amulet)
HPRegen  0.09/turn              r - ring of flight
MPRegen  0.13/turn              (no ring)

@: very quick
A: very small, unfitting armour, see invisible, speed 3
a: Evoke Flight


You were on level 5 of the Dungeon.
You visited 1 branch of the dungeon, and saw 5 of its levels.

You collected 224 gold pieces.

Inventory:

Hand Weapons
 a - a +2 dagger (weapon)
Missiles
 d - 97 stones
 n - 39 poisoned darts (quivered)
Armour
 b - a +0 robe (worn)
 v - a +2 cloak (worn)
Jewellery
 r - a ring of flight (left hand)
Wands
 s - a wand of enslavement (11)
 t - a wand of polymorph (11)
Scrolls
 c - a scroll of random uselessness {unknown}
 f - 3 scrolls of identify
 i - a scroll of enchant weapon
 j - a scroll of fear {unknown}
 m - a scroll of remove curse
 o - a scroll of teleportation
 p - 2 scrolls of magic mapping
 x - a scroll of amnesia {unknown}
Potions
 e - 2 potions of heal wounds
 g - a potion of haste {unknown}
 h - a potion of magic {unknown}
 k - a potion of flight
 l - 4 potions of curing
 q - a potion of cancellation {unknown}
 u - a potion of attraction {unknown}
 w - a potion of resistance {unknown}


   Skills:
 - Level 1.1 Short Blades
 - Level 3.0 Dodging
 * Level 10.3 Stealth
 + Level 3.7 Spellcasting
 + Level 4.5 Hexes


You had 3 spell levels left.
You knew the following spells:

 Your Spells              Type           Power        Failure   Level
a - Corona                Hex            20%          2%          1
b - Ensorcelled Hibernat  Hex/Ice        20%          10%         2
c - Confusing Touch       Hex            18%          8%          3
d - Tukima's Dance        Hex            18%          8%          3

Your spell library contained the following spells:

 Spells                   Type           Power        Failure   Level
 Slow                     Hex            18%          3%          2
 Magic Dart               Conj           12%          16%         1
 Dazzling Flash           Conj/Hex       20%          19%         3
 Blink                    Tloc           N/A          24%         2
 Call Imp                 Summ           3%           24%         2
 Conjure Flame            Conj/Fire      3%           43%         3
 Mephitic Cloud           Conj/Pois/Air  3%           43%         3


Dungeon Overview and Level Annotations

Branches:
Dungeon (5/15)
 Temple: D:4-7

Altars:
Cheibriados
Sif Muna
Trog
The Shining One

Annotations:
D:5 Eustachio, Prince Ribbit


Innate Abilities, Weirdness & Mutations

You are very small and have problems with some larger weapons.
You are too small for most types of armour.
You have supernaturally acute eyesight. (SInv)
You cover ground extremely quickly.


Message History

The sky beast hits you but does no damage.
Unknown command.
You barely miss Eustachio.
Prince Ribbit gives a loud, deep croak!
Prince Ribbit blinks!
Eustachio gestures wildly while chanting.
Eustachio blinks!
The rat barely misses you. The quokka completely misses you.
The sky beast hits you. The sky beast shocks you.
* * * LOW HITPOINT WARNING * * *
Unknown command.
Unknown command.
Eustachio mumbles some strange words.
Eustachio blinks!
There is a stone staircase leading up here.
The quokka barely misses you. The sky beast hits you.
* * * LOW HITPOINT WARNING * * *
The sky beast shocks you.
* * * LOW HITPOINT WARNING * * *
The rat bites you.
You die...

.# .#
##.####
##?.....#
#.÷......
#..# #r.#
###.###@.#
.....SYrr#
###.###.##
#.# #.#
#F. §## .
§


You could see Prince Ribbit, a sky beast (invisible), an adder, a quokka
(summoned) and 2 rats.

Vanquished Creatures
  An ice beast (D:5)
  An ogre (D:4)
  A bullfrog (D:5)
  A scorpion (D:4)
  Crazy Yiuf (D:3)
  An iguana (D:4)
  3 adders
  An ooze (D:3)
  3 dart slugs
  2 leopard geckos
  An orc (D:4)
  A bat (D:1)
  A giant cockroach (D:4)
  2 goblins
  3 hobgoblins
  2 jackals (D:2)
  A quokka (D:2)
  3 frilled lizards
  3 kobolds
  3 rats
35 creatures vanquished.

Vanquished Creatures (others)
  A bat (D:3)
1 creature vanquished.

Grand Total: 36 creatures vanquished

Notes
Turn   | Place    | Note
-------+----------+-------------------------------------------
     0 | D:1      | Groucho the Spriggan Enchanter began the quest for the Orb.
     0 | D:1      | Reached XP level 1. HP: 9/9 MP: 5/5
   345 | D:2      | Reached skill level 5 in Stealth
   857 | D:2      | Found a bloodstained altar of Trog.
   869 | D:2      | Found a glowing golden altar of the Shining One.
  1030 | D:1      | Reached XP level 2. HP: 12/13 MP: 6/6
  1033 | D:1      | Learned a level 2 spell: Ensorcelled Hibernation
  2324 | D:2      | Reached skill level 6 in Stealth
  2421 | D:2      | Reached XP level 3. HP: 16/16 MP: 8/8
  2465 | D:3      | Found a shimmering blue altar of Sif Muna.
  2734 | D:3      | Found a snail-covered altar of Cheibriados.
  2778 | D:3      | Learned a level 3 spell: Confusing Touch
  3052 | D:3      | Found a faded altar of an unknown god.
  3059 | D:3      | Reached skill level 7 in Stealth
  3254 | D:3      | Found a runed translucent door.
  3255 | D:3      | Noticed Crazy Yiuf
  3262 | D:3      | Killed Crazy Yiuf
  3263 | D:3      | Reached XP level 4. HP: 21/21 MP: 9/9
  3397 | D:4      | Noticed an ogre
  3507 | D:4      | Killed an ogre
  3508 | D:4      | Reached skill level 9 in Stealth
  3508 | D:4      | Reached XP level 5. HP: 24/24 MP: 3/10
  4316 | D:4      | Learned a level 3 spell: Tukima's Dance
  4589 | D:5      | Entered Level 5 of the Dungeon
  4589 | D:5      | Noticed an ice beast
  4596 | D:5      | Killed an ice beast
  4597 | D:5      | Reached skill level 10 in Stealth
  4597 | D:5      | Reached XP level 6. HP: 28/28 MP: 7/12
  4657 | D:5      | Noticed Eustachio
  4659 | D:5      | Noticed a sky beast
  4699 | D:5      | Noticed a sky beast
  5011 | D:5      | Noticed Prince Ribbit
  5023 | D:5      | HP: 1/28 [sky beast (5)]
  5023 | D:5      | Slain by a rat

Illustrated notes

Levels and vault maps discovered:
D:1:      sevenhm_arrival_forest_fort_small_3, layout_loops_ring
D:2:      layout_basic, bloody_trog, tso_metal_star
D:3:      layout_basic, kennysheep_slug_shrine, lemuel_crystal_altar,
          chequers_ecumenical_altar_simple, moated_statue,
          uniq_crazy_yiuf_cottage
D:4:      layout_gridville, grunt_ministairs_4
D:5:      layout_loops_corners, marbit_many_paths,
          minmay_temple_entry_overgrown, ebering_ghost_sewer_f,
          cheibrodos_gnoll_hut, uniq_prince_ribbit1, uniq_eustachio

Skill      XL: |  1  2  3  4  5 |
---------------+----------------+-----
Stealth        | 5 6 7 9 10 | 10.3
Spellcasting   | 3 |  3.7
Hexes          | 4 |  4.5
Short Blades   | |  1.1
Dodging        | |  3.0

Action                   |  1- 3 |  4- 6 || total
-------------------------+-------+-------++-------
Melee: Dagger            |   123 |    42 ||   165
Throw: Stone             |     1 |       ||     1
 Cast: Ensorcelled Hiber |    10 |    10 ||    20
       Confusing Touch   |     1 |     2 ||     3
  Use: Scroll            |       |     5 ||     5
       Potion            |       |     4 ||     4
 Stab: Sleeping          |    12 |     6 ||    18
       Confused          |     1 |     2 ||     3
Armor: Robe              |    15 |     7 ||    22
Dodge: Dodged            |   113 |    41 ||   154
